 Dungeon Crawl Stone Soup version 0.21.1-1-g345015f (webtiles) character file.

9870 iamserjio the Nimble (level 11, -4/81 HPs)
             Began as an Octopode Monk on Apr 6, 2018.
             Was a High Priest of Dithmenos.
             Succumbed to a queen ant's poison
             ... on level 10 of the Dungeon.
             The game lasted 01:25:32 (17069 turns).

iamserjio the Nimble (Octopode Monk)               Turns: 17069, Time: 01:25:32

Health: -4/81      AC:  1    Str: 11    XL:     11   Next: 53%
Magic:  25/25      EV: 20    Int: 12    God:    Dithmenos [*****.]
Gold:   686        SH: 10    Dex: 18    Spells: 12/12 levels left

rFire    + . .     SeeInvis .   C - +2 short sword (freeze)
rCold    . . .     Gourm    .   f - +0 shield
rNeg     . . .     Faith    .   (helmet restricted)
rPois    .         Spirit   .   (no amulet)
rElec    .         Reflect  .   m - ring of magical power
rCorr    .         Harm     .   V - ring of protection from fire
MR       .....                  (no ring)
Stlth    +++++++...             (no ring)
HPRegen  0.23/turn              (no ring)
MPRegen  0.19/turn              (no ring)
                                (no ring)
                                (no ring)

@: lethally poisoned (-4 -> -101), very slightly contaminated, wreathed by umbra
A: almost no armour, stealthy swim, amphibious, 8 rings, constrict 8, camouflage
1, gelatinous body 1
a: Shadow Step, Shadow Form, Renounce Religion


You were on level 10 of the Dungeon.
You worshipped Dithmenos.
Dithmenos was extremely pleased with you.
You were not hungry.

You visited 2 branches of the dungeon, and saw 13 of its levels.
You also visited: Sewer.

You collected 686 gold pieces.

Inventory:

Hand Weapons
 c - a +1 vampiric dagger
 k - a +4 dagger
 s - a +1 dagger of draining
 u - a +2 dagger of speed
 x - a +4 hunting sling
 C - a +2 short sword of freezing (weapon)
 G - a +2 flail of protection
 O - a +2 long sword of distortion
Missiles
 y - 270 stones (quivered)
 H - 50 sling bullets
Armour
 f - a +0 shield (worn)
Magical Staves
 q - an uncursed staff of summoning
 w - an uncursed staff of energy {unknown}
 N - a cursed staff of cold {unknown}
Jewellery
 m - a ring of magical power (left tentacle)
 K - an uncursed ring of ice
 V - a ring of protection from fire (right tentacle)
Wands
 I - a wand of digging (6)
 J - a wand of iceblast (8)
 L - a wand of acid (18)
Scrolls
 d - 3 scrolls of magic mapping
 e - 2 scrolls of amnesia
 g - 8 scrolls of remove curse
 l - 3 scrolls of noise {unknown}
 p - a scroll of immolation {unknown}
 r - 3 scrolls of teleportation
 v - a scroll of blinking
 z - 3 scrolls of enchant armour {unknown}
 F - 2 scrolls of enchant weapon {unknown}
 P - a scroll of identify
 R - 2 scrolls of fear {unknown}
 U - a scroll of silence
Potions
 a - 2 potions of magic {unknown}
 h - a potion of brilliance {unknown}
 i - 6 potions of curing
 j - 3 potions of flight
 n - 2 potions of berserk rage {unknown}
 o - a potion of cancellation {unknown}
 t - 3 potions of lignification {unknown}
 A - a potion of invisibility {unknown}
 B - a potion of resistance {unknown}
 D - a potion of mutation {unknown}
 E - 2 potions of might {unknown}
 Q - a potion of agility {unknown}
Books
 S - the Compendium of the Virous Arsonist
   (You found it on level 11 of the Dungeon)

   Spells                             Type                      Level
   a - Sting                          Conjuration/Poison           1
   b - Poisonous Vapours              Poison/Air                   2
   c - Ignite Poison                  Fire/Transmutation/Poison    3
   d - Spider Form                    Transmutation/Poison         3
   e - Olgreb's Toxic Radiance        Poison                       4
Comestibles
 b - 13 rations
 M - 12 chunks of flesh


   Skills:
 * Level 10.0 Fighting
 - Level 3.1 Short Blades
 * Level 11.4 Dodging
 - Level 7.1 Stealth
 - Level 6.0 Shields
 + Level 1.3 Spellcasting
 + Level 6.7 Invocations


You had 12 spell levels left.
You didn't know any spells.

Dungeon Overview and Level Annotations

Branches:
Dungeon (12/15)            Temple (0/1) D:6             Orc (1/2) D:10
   Lair: D:8-11

Altars:
Cheibriados
Dithmenos
Hepliaklqana
Kikubaaqudgha
Qazlal
Ru
Sif Muna
Trog
Uskayaw
The Shining One

Shops:
D:11 :

Annotations:
D:9 Shinoi's ghost, novice GrFi


Innate Abilities, Weirdness & Mutations

You cannot wear most types of armour.
You are very stealthy in the water. (Stealth+)
You are amphibious.
You can wear up to eight rings at the same time.
You can use your tentacles to constrict eight enemies at once.
Your skin changes colour to match your surroundings (Stealth+).
Your rubbery body absorbs attacks. (AC +1, EV +1)


Message History

You feel very sick. The queen ant completely misses you.
You hit the queen ant but do no damage.
The queen ant is lightly wounded.
* * * LOW HITPOINT WARNING * * *
You feel very sick. You block the queen ant's attack.
* * * LOW HITPOINT WARNING * * *
You feel very sick.
* * * LOW HITPOINT WARNING * * *
You feel very sick. The queen ant stings you!
* * * LOW HITPOINT WARNING * * *
You are more poisoned.
The queen ant poisons you!
Blink to where?
Press: ? - help, Dir - move target cursor You are very lightly contaminated with residual magic.
As you read the scroll of blinking, it crumbles to dust.
You die...

###..#..#..#..###
##...###...###...########
#.....#.....#...a§#.....#
##...###...###...##.....#
###..#..#..#..#######..#
##...###...## #..# #.....#.....#
#..# ##...###...## #..#
###..#@.### #..# ######## ##...##
#..# .......# #'''## #[.#
.......# #....# #..#
.....))##########.##########..#
.....).+)....................>#
.......###########.####.####.####
.......# #.## #.# #..... ########
#..# #.#########


You could see a queen ant.

Vanquished Creatures
  Nergalle (D:10)
  A deep elf mage (D:9)
  2 centaur zombies
  Maurice (D:8)
  A troll (Orc:1)
  3 hornets
  The ghost of iamserjio the Ducker, an amateur OpMo (D:4)
  A hippogriff (D:11)
  A wraith (D:11)
  Eustachio (D:6)
  Edmund (D:5)
  8 soldier ants
  A water moccasin (D:11)
  A hornet zombie (D:7)
  Duvessa (D:6)
  2 black bears (D:11)
  An orc warrior (D:7)
  5 ice beasts
  3 sky beasts
  An eye of draining (D:10)
  4 phantoms
  A necrophage (D:9)
  5 ogres
  2 centaurs
  5 big kobolds
  4 bullfrogs
  Dowan (D:6)
  2 scorpions
  2 howler monkeys
  2 jellies (D:4)
  A crimson imp (D:11)
  2 quasits
  An iron imp (D:6)
  A hound (D:4)
  2 bullfrog zombies
  6 orc priests
  A centaur skeleton (D:10)
  11 orc wizards
  Crazy Yiuf (D:2)
  36 worker ants
  A killer bee zombie (D:9)
  A hound skeleton (D:6)
  Robin (D:2)
  A howler monkey skeleton (D:10)
  14 adders
  4 gnolls
  6 river rats (Sewer)
  A shadow imp (D:11)
  10 oozes
  An adder skeleton (D:5)
  A worm (D:3)
  3 dart slugs
  9 leopard geckos
  35 orcs
  5 ball pythons
  4 bats
  9 giant cockroaches
  16 goblins
  9 hobgoblins
  8 jackals
  2 quokkas
  7 frilled lizards
  2 goblin skeletons (D:6)
  2 goblin zombies (D:6)
  3 hobgoblin zombies (D:6)
  34 kobolds
  A kobold zombie (D:6)
  2 orc skeletons (D:6)
  A quokka skeleton (D:6)
  26 rats
346 creatures vanquished.

Vanquished Creatures (others)
  An orc (Orc:1)
  34 fungi
  23 plants (D:11)
  7 toadstools (D:4)
65 creatures vanquished.

Grand Total: 411 creatures vanquished

Notes
Turn   | Place    | Note
-------+----------+-------------------------------------------
     0 | D:1      | iamserjio the Octopode Monk began the quest for the Orb.
     0 | D:1      | Reached XP level 1. HP: 16/16 MP: 1/1
   168 | D:1      | Reached XP level 2. HP: 21/21 MP: 2/2
   640 | D:2      | Reached XP level 3. HP: 26/26 MP: 3/3
  1067 | D:2      | Reached skill level 4 in Dodging
  1067 | D:2      | Reached XP level 4. HP: 22/31 MP: 4/4
  1854 | D:2      | Noticed Robin
  1889 | D:2      | Killed Robin
  2317 | D:2      | Found a runed door.
  2350 | D:2      | Found a snail-covered altar of Cheibriados.
  2350 | D:2      | Found a hide-covered altar of Uskayaw.
  2356 | D:2      | Found a deep blue altar of Sif Muna.
  2358 | D:2      | Found a faded altar of an unknown god.
  2359 | D:2      | Found a faded altar of an unknown god.
  2404 | D:2      | Noticed Crazy Yiuf
  2409 | D:2      | Killed Crazy Yiuf
  2409 | D:2      | Reached XP level 5. HP: 37/37 MP: 5/5
  3264 | D:3      | Reached skill level 5 in Dodging
  3264 | D:3      | Reached XP level 6. HP: 16/43 MP: 6/6
  3694 | D:3      | Found a stormy altar of Qazlal.
  3840 | D:4      | Reached skill level 5 in Stealth
  4229 | D:4      | Noticed iamserjio's ghost (amateur OpMo)
  4409 | D:4      | Noticed a phantom
  4412 | D:5      | Entered Level 5 of the Dungeon
  4547 | D:5      | Found a glowing drain.
  4637 | Sewer    | Entered a sewer
  5083 | Sewer    | Reached XP level 7. HP: 24/49 MP: 7/7
  5327 | Sewer    | Reached skill level 6 in Dodging
  5760 | D:5      | Found a shadowy altar of Dithmenos.
  5760 | D:5      | Found a sacrificial altar of Ru.
  5769 | D:5      | Became a worshipper of Dithmenos the Shadowed
  5769 | D:5      | Reached * piety under Dithmenos
  5769 | D:5      | Reached ** piety under Dithmenos
  5980 | D:6      | Reached skill level 5 in Fighting
  6013 | D:5      | Noticed Edmund
  6029 | D:5      | Killed Edmund
  6179 | D:5      | Reached XP level 8. HP: 46/55 MP: 8/8
  6429 | D:5      | Found a bloodstained altar of Trog.
  6536 | D:5      | Reached skill level 7 in Dodging
  7705 | D:4      | Killed iamserjio's ghost
  7705 | D:4      | Reached skill level 1 in Shields
  7705 | D:4      | Reached skill level 1 in Invocations
  8033 | D:6      | Found a glowing golden altar of the Shining One.
  8055 | D:6      | Reached skill level 8 in Dodging
  8334 | D:6      | Reached XP level 9. HP: 62/62 MP: 10/10
  8356 | D:6      | Reached *** piety under Dithmenos
  8460 | D:6      | Noticed Eustachio
  8468 | D:6      | Killed Eustachio
  8545 | D:6      | Noticed Duvessa
  8548 | D:6      | Noticed Dowan
  8872 | D:6      | Found a staircase to the Ecumenical Temple.
  8932 | D:6      | Killed Duvessa
  8939 | D:6      | Killed Dowan
  9095 | D:6      | Reached skill level 9 in Dodging
  9612 | D:7      | Found an ancient bone altar of Kikubaaqudgha.
  9612 | D:7      | Found a hazy altar of Hepliaklqana.
 10120 | D:8      | Noticed Maurice
 10310 | D:8      | Noticed a hornet
 10310 | D:8      | Noticed a hornet
 10313 | D:8      | Killed a hornet
 10314 | D:8      | Killed a hornet
 10314 | D:8      | Reached XP level 10. HP: 71/71 MP: 13/13
 10521 | D:8      | Killed Maurice
 10660 | D:8      | Reached skill level 10 in Dodging
 10826 | D:7      | Reached skill level 5 in Invocations
 11052 | D:9      | Reached **** piety under Dithmenos
 11439 | D:9      | Noticed Shinoi's ghost (novice GrFi)
 11492 | D:9      | Noticed a deep elf mage
 11496 | D:9      | Killed a deep elf mage
 11548 | D:10     | Entered Level 10 of the Dungeon
 11717 | D:9      | Reached skill level 5 in Shields
 11872 | D:9      | HP: 3/73 [Shinoi's ghost (21)]
 14040 | D:11     | Reached XP level 11. HP: 71/80 MP: 15/15
 14185 | D:12     | Reached skill level 11 in Dodging
 14402 | D:10     | Found a staircase to the Orcish Mines.
 14420 | D:11     | Identified the Compendium of the Virous Arsonist
 14542 | D:11     | Found Vuhaw's Book Boutique.
 14998 | D:11     | Noticed a two-headed ogre
 15061 | D:11     | Noticed a brown ugly thing
 15446 | Orc:1    | Entered Level 1 of the Orcish Mines
 15700 | Orc:1    | Noticed an orc sorcerer
 15959 | D:10     | Noticed Nergalle
 15978 | D:10     | Killed Nergalle
 16123 | D:10     | Reached skill level 1 in Spellcasting
 16676 | D:10     | Reached ***** piety under Dithmenos
 16983 | D:10     | Reached skill level 10 in Fighting
 17047 | D:10     | Noticed a queen ant
 17068 | D:10     | HP: 4/81 [queen ant (14)]
 17069 | D:10     | Succumbed to a queen ant's poison

Skill      XL: |  1  2  3  4  5  6  7  8  9 10 11 |
---------------+----------------------------------+-----
Stealth        | 3 4 5 6 7 |  7.1
Dodging        | 4 5 6 8 9 10 11 | 11.4
Fighting       | 4 5 6 7 9 10 | 10.0
Shields        | 2 4 5 6 |  6.0
Invocations    | 2 4 6 |  6.7
Spellcasting   | 1 |  1.3
Short Blades   | |  3.1

Action                   |  1- 3 |  4- 6 |  7- 9 | 10-12 || total
-------------------------+-------+-------+-------+-------++-------
Melee: Short sword       |    46 |   116 |       |    95 ||   257
       Constrict         |     9 |    60 |    50 |    76 ||   195
       Tentacles         |     6 |    56 |    87 |   173 ||   322
       Dagger            |       |   115 |   415 |   485 ||  1015
       Flail             |       |       |       |     2 ||     2
  Use: Scroll            |       |     1 |     6 |     8 ||    15
       Potion            |       |       |     2 |     9 ||    11
 Stab: Sleeping          |     6 |    16 |    28 |    21 ||    71
       Distracted        |       |     1 |     1 |     4 ||     6
  Eat: Chunk             |       |    13 |    10 |    15 ||    38
       Ration            |       |       |     2 |     2 ||     4
Armor: Skin              |       |     8 |     8 |     5 ||    21
Dodge: Dodged            |    20 |   144 |   184 |   299 ||   647
Block: Shield            |       |       |    71 |   183 ||   254
